Map: Catalyst LE

Players

Honor - Winner!

  • Race: Terran Terran
  • League: Master
  • Spawn Location: 11:00

A.I. 1 (Elite)

  • Race: Terran Terran
  • Spawn Location: 5:00

VOD

Have the link to the VOD?

Description

Time

  • Played on: March 22, 2018, 7:38 a.m.
  • Length: 10:02
Show
View Real Time Build Order
Export as new Build Order

Honor Terran - Winner!

Build Orders: MMM Bio 

Get SALT Encoding   

  12  0:01  SCV  
  13  0:13  SCV  
  14  0:17  Supply Depot  
  14  0:25  SCV  
  15  0:39  SCV  
  15  0:40  Barracks  
  16  0:45  Refinery  
  16  0:51  SCV  
  17  1:03  SCV  
  18  1:15  SCV  
  19  1:28  Barracks Reactor  
  19  1:29  Orbital Command  
  19  1:46  Command Center  
  19  1:54  Supply Depot  
  19  1:57  SCV  
  20  2:04  Marine  
  20  2:05  Marine  
  22  2:09  SCV  
  23  2:16  Engineering Bay  
  23  2:22  Marine x2  
  23  2:24  SCV  
  26  2:31  Refinery  
  26  2:36  SCV  
  27  2:42  Terran Infantry Weapons Level 1  
  27  2:43  Missile Turret  
  27  2:45  Marine  
  27  2:48  Marine  
  29  2:51  SCV  
  30  3:00  Orbital Command  
  30  3:04  SCV  
  31  3:07  Marine  
  31  3:08  Marine  
  33  3:18  Barracks  
  33  3:21  SCV  
  33  3:26  Factory  
  34  3:29  SCV  
  35  3:35  Supply Depot, SCV  
  35  3:38  Marine  
  37  3:42  Marine, SCV  
  37  3:48  SCV  
  40  3:54  SCV  
  41  3:56  Marine  
  41  3:59  Supply Depot  
  41  4:00  Marine, SCV  
  44  4:04  Barracks Tech Lab  
  44  4:06  SCV  
  45  4:11  Starport  
  45  4:13  Factory Reactor  
  45  4:14  Marine  
  46  4:18  Marine  
  46  4:20  SCV x2  
  46  4:23  Stimpack  
  46  4:24  Marine  
  50  4:31  Marine  
  50  4:32  SCV x2  
  50  4:36  Marine  
  50  4:37  Supply Depot  
  54  4:38  Terran Infantry Armor Level 1  
  54  4:43  Marine  
  54  4:44  SCV x2  
  54  4:45  Supply Depot  
  57  4:49  Marine  
  58  4:55  Medivac x2  
  58  4:58  Refinery  
  62  5:00  Refinery, Missile Turret  
  62  5:04  Marine, Marauder  
  65  5:07  Marine  
  65  5:09  SCV x2  
  68  5:14  Supply Depot  
  68  5:16  Supply Depot  
  68  5:22  Marine  
  68  5:23  SCV x2  
  68  5:24  Medivac  
  73  5:29  Marine, Marauder  
  73  5:32  Medivac  
  78  5:36  SCV  
  78  5:39  Marine  
  80  5:43  Barracks  
  80  5:44  Barracks  
  80  5:47  Marine, Barracks  
  81  5:52  Supply Depot  
  81  5:55  Supply Depot, Marauder  
  83  5:58  Marine  
  84  6:05  Medivac, Marine  
  84  6:06  Medivac  
  89  6:16  Marine  
  89  6:17  Marauder  
  92  6:21  Supply Depot  
  92  6:23  Marine, Combat Shields  
  93  6:25  Supply Depot  
  93  6:31  Barracks Reactor  
  93  6:32  Barracks Reactor  
  93  6:34  Marine  
  93  6:35  Medivac, Barracks Tech Lab  
  93  6:36  Medivac  
  98  6:41  Marine, Marauder  
  101  6:50  Supply Depot  
  101  6:52  Marine  
  101  6:53  Supply Depot  
  102  6:54  Concussive Shells  
  102  6:55  Marauder  
  102  6:58  Marine  
  105  7:02  Marauder  
  105  7:05  Medivac  
  105  7:06  Medivac  
  111  7:08  Marine x2  
  111  7:09  Marine x2  
  111  7:10  Marine  
  116  7:16  Marine, Supply Depot  
  116  7:17  Marauder  
  116  7:19  Supply Depot  
  119  7:26  Marine x2  
  119  7:27  Marine x3  
  119  7:28  Marauder  
  126  7:34  Marine  
  127  7:37  Medivac x2  
  127  7:39  Marauder  
  133  7:48  Marine x2  
  133  7:49  Marine x2  
  133  7:50  Marine, Marauder  
  140  7:58  Supply Depot  
  140  7:59  Supply Depot  
  140  8:01  Marauder  
  140  8:02  Marine  
  143  8:06  Marine x4  
  143  8:07  Marine  
  143  8:11  Marauder  
  150  8:17  Medivac x2  
  154  8:21  Marine  
  154  8:22  Marauder  
  154  8:24  Marine x3  
  159  8:37  Marine x2, Marauder  
  159  8:38  Marine  
  163  8:42  Marine x2  
  149  8:51  Medivac x2, Marauder  
  149  8:52  Marine  
  149  8:55  Marine  
  156  8:58  Marauder  
  156  9:01  Marine  
  156  9:02  Marine x3  
  162  9:10  Marine  
  162  9:12  Marine, Marauder  
  162  9:13  Supply Depot  
  162  9:16  Supply Depot  
  166  9:19  Marine  
  167  9:24  Marine x3  
  167  9:25  Marine  
  171  9:32  Marine x2  
  171  9:35  Marauder  
  171  9:37  Marine  
  176  9:42  Marine x3  
Show
View Real Time Build Order
Export as new Build Order

A.I. 1 (Elite) Terran 

Build Orders: Mech 

Get SALT Encoding   

  12  0:00  SCV  
  13  0:13  SCV  
  14  0:18  Supply Depot  
  14  0:25  SCV  
  15  0:30  Refinery  
  15  0:40  SCV  
  16  0:48  Barracks  
  16  0:52  SCV  
  17  1:04  SCV  
  17  1:08  Supply Depot  
  18  1:16  SCV  
  19  1:28  SCV  
  20  1:34  Marine  
  20  1:37  Factory  
  21  1:45  Barracks  
  21  1:46  SCV  
  22  1:52  Marine  
  23  1:58  SCV  
  24  2:03  Supply Depot  
  24  2:09  Marine  
  24  2:10  SCV  
  26  2:21  Factory Tech Lab  
  26  2:22  SCV  
  27  2:27  Marine  
  28  2:34  SCV  
  29  2:38  Marine  
  29  2:42  Siege Tank  
  33  2:46  SCV  
  34  3:09  Command Center, SCV  
  35  3:21  Refinery, Orbital Command  
  35  3:38  Factory  
  35  3:39  Marine  
  36  3:42  Marine  
  36  3:46  SCV  
  38  3:58  SCV  
  38  3:59  Supply Depot  
  39  4:21  SCV x2  
  39  4:23  Siege Tank, Factory Tech Lab  
  44  4:33  SCV x2  
  46  4:41  Siege Tank  
  46  4:42  Marine  
  46  4:43  Supply Depot  
  46  4:45  SCV x2  
  52  4:52  Supply Depot  
  52  4:57  SCV x2  
  54  5:01  Siege Tank  
  57  5:09  Barracks Tech Lab, SCV x2, Refinery  
  57  5:13  Hellion  
  61  5:14  Refinery  
  61  5:21  SCV  
  61  5:23  Factory, SCV  
  63  5:33  SCV, Hellion  
  63  5:34  Siege Tank  
  63  5:35  SCV  
  70  5:39  Supply Depot  
  70  5:41  Armory  
  70  5:45  SCV  
  70  5:47  SCV  
  72  5:55  Hellion  
  74  5:58  SCV  
  74  5:59  SCV  
  74  6:03  Supply Depot  
  76  6:07  Hellion  
  76  6:10  SCV  
  79  6:11  SCV  
  79  6:17  Hellion  
  82  6:18  Armory  
  82  6:22  SCV  
  82  6:23  SCV, Hellion  
  82  6:24  Marine  
  87  6:25  Supply Depot  
  87  6:28  Terran Vehicle And Ship Armor Level 1, Siege Tank  
  87  6:32  Command Center  
  90  6:40  Infernal Pre-Igniter  
  90  6:42  Marine  
  91  6:50  Supply Depot  
  91  6:52  Orbital Command  
  91  6:56  Engineering Bay  
  91  7:01  Marauder  
  93  7:06  Terran Vehicle Weapons Level 1  
  93  7:08  Cyclone  
  93  7:13  Supply Depot  
  96  7:16  Cyclone  
  96  7:20  Hellion  
  96  7:22  Marauder  
  103  7:24  Missile Turret  
  103  7:25  Missile Turret  
  103  7:26  Terran Infantry Weapons Level 1  
  103  7:34  Engineering Bay  
  103  7:38  Marine  
  103  7:41  Hellion  
  103  7:44  Marauder, SCV  
  108  7:45  Supply Depot  
  108  7:46  SCV  
  108  7:48  SCV  
  111  7:56  Marine, SCV  
  111  7:58  SCV  
  114  8:00  SCV  
  114  8:05  Marauder  
  117  8:08  SCV  
  117  8:10  SCV  
  117  8:12  SCV  
  120  8:20  SCV, Missile Turret  
  120  8:22  SCV  
  120  8:23  Missile Turret  
  120  8:24  SCV  
  120  8:26  Marine  
  123  8:33  SCV  
  121  8:36  SCV  
  111  8:45  SCV, Marauder  
  81  8:49  Orbital Command  
  41  8:57  Marine  
  36  9:04  Hellion x2  
  36  9:06  Marine  
  37  9:15  Marine  
  33  9:34  Barracks Tech Lab, Supply Depot  
Tags
 
Composition
MMM BioMech
League
Master
Matchup
TvT
Race
Terran
Spawn Locations
Cross Positions
Add a new tag
Caveats
  • Supply blocks, unpowered buildings, or Contaminate may cause inaccurate times.
  • Supply counts are checked every 10 seconds.